 Dungeon Crawl Stone Soup version 0.30.1 (webtiles) character file.

Game seed: 13679686509315223068

846 Sanktem7 the Chopper (level 7, 0/62 HPs)
             Began as a Minotaur Fighter on July 12, 2023.
             Slain by Edmund
             ... wielding a +2 flail of protection
              (5 damage)
             ... on level 5 of the Dungeon on July 13, 2023.
             The game lasted 00:05:24 (3322 turns).

Sanktem7 the Chopper (Minotaur Fighter)             Turns: 3322, Time: 00:05:24

Health: 0/62       AC: 10    Str: 22    XL:     7   Next: 68%
Magic:  0/6        EV:  9    Int:  5    God:
Gold:   176        SH:  5    Dex: 10    Spells: 6/6 levels left

rFire   . . .        a - +0 war axe {axe}
rCold   . . .        c - +0 buckler
rNeg    . . .        b - +0 scale mail
rPois   .            (helmet restricted)
rElec   .            s - +0 cloak
rCorr   .            p - +0 pair of gloves
SInv    .            (no boots)
Will    .....        u - amulet of guardian spirit Stlth
                     (no ring)
HPRegen 0.30/turn    (no ring)
MPRegen 0.10/turn

%: guardian spirit
@: no status effects
A: horns 2, retaliatory headbutt
a: no special abilities


You were on level 5 of the Dungeon.
You visited 1 branch of the dungeon, and saw 5 of its levels.

You collected 176 gold pieces.


Innate Abilities, Weirdness & Mutations

You have a pair of horns on your head.
You reflexively headbutt those who attack you in melee.


   Skills:
 + Level 5.8 Fighting
 * Level 7.0 Axes
 + Level 5.9 Armour
 + Level 5.9 Shields


You had 6 spell levels left.
You didn't know any spells.
Your spell library contained the following spells:

 Spells                   Type           Power      Damage    Failure   Level
 Magic Dart               Conj           0%         1d3       83%         1
 Searing Ray              Conj           0%         2d4       93%         2
 Fulminant Prism          Conj/Hex       0%         3d5       100%        4

Inventory:

Hand Weapons
 a - a +0 war axe (weapon) {axe}
 n - a +0 heavy mace {mace}
   (You took it off Robin on level 2 of the Dungeon)
 r - a +2 quarterstaff of chaos {staff}
   (You took it off Crazy Yiuf on level 2 of the Dungeon)
 w - a +3 dagger of venom {short}
   (You took it off Jessica on level 3 of the Dungeon)
Missiles
 f - 47 stones (quivered) {throwing}
 A - 2 atropa-tipped darts {throwing}
 B - 4 javelins {throwing}
Armour
 b - a +0 scale mail (worn)
 c - a +0 buckler (worn)
 p - a +0 pair of gloves (worn)
   (You found it on level 2 of the Dungeon)
 s - a +0 cloak (worn)
   (You took it off Crazy Yiuf on level 2 of the Dungeon)
Magical Staves
 y - a staff of air {!astaff}
   (You found it on level 3 of the Dungeon)
Jewellery
 u - an amulet of guardian spirit (around neck)
   (You found it on level 3 of the Dungeon)
Scrolls
 e - 9 scrolls of identify {unknown}
 g - a scroll of immolation {unknown}
 h - 3 scrolls of fog {unknown}
 m - 2 scrolls of teleportation {unknown}
 o - a scroll of enchant weapon {unknown}
 q - 2 scrolls of noise {unknown}
 v - a scroll of torment {unknown}
 C - a scroll of blinking {unknown}
Potions
 d - a potion of might
 i - 2 potions of ambrosia {unknown}
 j - a potion of berserk rage {unknown}
 k - 2 potions of curing {@q1}
 l - 2 potions of heal wounds {unknown}
 t - a potion of attraction {unknown}
 x - a potion of cancellation {unknown}
 z - 2 potions of degeneration {unknown}

Dungeon Overview and Level Annotations

Branches:
Dungeon (5/15) Zot: 26612
 Temple: D:4-7

Altars:
Dithmenos
Elyvilon
Kikubaaqudgha
Makhleb
Uskayaw

Shops:
D:2 *

Annotations:
D:5 Edmund

#..#### #.#.# #....<......#
##....###...####...........#
####................^.....#
###....................#
##.............<.....#
#...................#
#.........#+#########
#.......†.# #......@†.#
####...#@...# ##..#.......
....+....... ###.>#.......
#.##....... #.# ....... ..#
.......


You could see Edmund.


Message History

😕 HP[-9] MP[-1]
You take 9 damage, and now have 48/62 hp.
You lost 1 mp, and now have 4/6 mp.
You slash the iguana! The iguana bites you. 😮 HP[-4]
You take 4 damage, and now have 44/62 hp.
You are too injured to fight recklessly!
You are too injured to fight recklessly!
You are too injured to fight recklessly!
An iguana is nearby!
Unknown command.
You hit the iguana. The iguana bites you. 😮 HP[-2] MP[-1]
You take 2 damage, and now have 42/62 hp.
You lost 1 mp, and now have 3/6 mp.
You hit the iguana.
You kill the iguana! 😮 HP[+1]
Found a stone staircase leading down. 😎 HP[+19] MP[+3]
Your hp is fully restored (62).
Your mp is fully restored (6).
Edmund and an iguana come into view.
Edmund is wielding a +2 flail of protection.
Edmund shouts!
The iguana hisses angrily.
An iguana comes into view.
The iguana hisses angrily.
A quokka comes into view.
The iguana bites you but does no damage.
Edmund hits you with a +2 flail of protection!
You see here 2 scrolls labelled VEDOXE ETYEGAPT. 😕 HP[-7] MP[-1]
You take 7 damage, and now have 55/62 hp.
You lost 1 mp, and now have 5/6 mp.
You barely miss the iguana. You headbutt the iguana! You barely miss Edmund.
You block Edmund's attack. The iguana bites you! 😕 HP[-6]
You take 6 damage, and now have 49/62 hp.
You hit the iguana but do no damage. Your headbutt misses the iguana.
You hit Edmund.
Edmund hits you with a +2 flail of protection.
The iguana bites you but does no damage. 😕 HP[-1]
You take 1 damage, and now have 48/62 hp.
You hit the iguana. You slash Edmund! Edmund hits you but does no damage.
You block the iguana's attack. The iguana bites you!
The iguana completely misses you.
Edmund asks, "Have you met my wondrous brother?"
Edmund hits you with a +2 flail of protection!
* * * LOW HITPOINT WARNING * * *
😨 HP[-19] MP[-2]
You take 19 damage, and now have 29/62 hp.
MASSIVE DAMAGE!! (PAUSE)
You lost 2 mp, and now have 3/6 mp.
You slash the iguana! You hit the iguana but do no damage. You hit Edmund.
Edmund hits you with a +2 flail of protection!
* * * LOW HITPOINT WARNING * * *
You block the iguana's attack. The iguana completely misses you.
You furiously retaliate!
You headbutt the iguana. 😨 HP[-8] MP[-1]
You take 8 damage, and now have 21/62 hp.
You lost 1 mp, and now have 2/6 mp.
You hit the iguana.
You kill the iguana!
You closely miss the iguana. You hit Edmund. You block Edmund's attack.
The iguana bites you.
* * * LOW HITPOINT WARNING * * *
Your Axes skill increases to level 7! 😱 HP[-6]
You take 6 damage, and now have 15/62 hp.
You miss the quokka. You closely miss the iguana.
You hit Edmund but do no damage. You block the quokka's attack.
Edmund hits you with a +2 flail of protection!
* * * LOW HITPOINT WARNING * * *
You block the iguana's attack. 😱 HP[-8] MP[-1]
You take 8 damage, and now have 7/62 hp.
You lost 1 mp, and now have 1/6 mp.
You slash the quokka!
You kill the quokka!
You hit Edmund but do no damage. You slash the iguana!
You kill the iguana!
Edmund hits you with a +2 flail of protection.
* * * LOW HITPOINT WARNING * * *
😱 HP[-4]
You take 4 damage, and now have 3/62 hp.
Okay, then.
It was a potion of curing.
You feel better.
Edmund hits you but does no damage. 😱 HP[+7] MP[+1]
You regained 7 hp, and now have 10/62 hp.
You hit Edmund but do no damage. Edmund hits you but does no damage.
Edmund misses you.
You hit Edmund.
Edmund hits you with a +2 flail of protection!
* * * LOW HITPOINT WARNING * * *
😱 HP[-5] MP[-1]
You take 5 damage, and now have 5/62 hp.
You lost 1 mp, and now have 1/6 mp.
You hit Edmund.
Edmund hits you with a +2 flail of protection.
You die...

Skill      XL: |  1  2  3  4  5  6  7 |
---------------+----------------------+-----
Axes           | 3 4 5 6 7 |  7.0
Armour         | 4 5 |  5.9
Shields        | 4 5 |  5.9
Fighting       | 4 5 |  5.8

Action                     |  1- 3 |  4- 6 |  7- 9 || total
---------------------------+-------+-------+-------++-------
  Melee: War axe           |    89 |    73 |    23 ||   185
         Headbutt          |    10 |     9 |     3 ||    22
    Use: Potion            |       |       |     1 ||     1
 Armour: Scale mail        |    35 |    36 |    13 ||    84
  Dodge: Dodged            |    35 |    24 |     8 ||    67
  Block: Buckler           |    21 |    13 |    11 ||    45

Levels and vault maps discovered:
D:1:      enne_arrival_octagon_isle, layout_basic
D:2:      layout_loops_ring, dreamdust_ecumenical_altar_drowned_temple,
          serial_shops, nicolae_shop_behind_doors, uniq_crazy_yiuf_cottage,
          uniq_robin
D:3:      layout_rooms, lemuel_crystal_altar,
          mainiacjoe_overflow_concentric_impassable,
          mainiacjoe_overflow_brackets, st_stairs_5, uniq_jessica
D:4:      layout_gridville, gammafunk_temple_overflow_elements
D:5:      minmay_general_purpose_star, layout_basic, uniq_sigmund, uniq_edmund

Notes
Turn   | Place    | Note
-------+----------+-------------------------------------------
     0 | D:1      | Sanktem7 the Minotaur Fighter began the quest for the Orb.
     0 | D:1      | Reached XP level 1. HP: 19/19 MP: 0/0
     0 | D:1      | magus.rc [v1.9.6]
   162 | D:1      | Reached XP level 2. HP: 27/27 MP: 1/1
   234 | D:1      | Reached skill level 3 in Axes
   677 | D:1      | Reached skill level 4 in Armour
   690 | D:1      | Reached skill level 4 in Shields
   690 | D:1      | Reached XP level 3. HP: 33/33 MP: 2/2
   719 | D:1      | Reached skill level 4 in Fighting
  1049 | D:2      | Found Kieth's Assorted Antiques.
  1226 | D:2      | magus.rc [v1.9.6]
  1245 | D:2      | Found a faded altar of an unknown god.
  1246 | D:2      | magus.rc [v1.9.6]
  1285 | D:2      | Noticed Robin
  1293 | D:2      | Killed Robin
  1711 | D:2      | Found a runed translucent door.
  1712 | D:2      | Noticed Crazy Yiuf
  1718 | D:2      | Killed Crazy Yiuf
  1719 | D:2      | Reached skill level 4 in Axes
  1719 | D:2      | Reached XP level 4. HP: 37/40 MP: 3/3
  1811 | D:3      | Noticed a phantom
  1818 | D:3      | Killed a phantom
  1819 | D:3      | Reached XP level 5. HP: 43/47 MP: 4/4
  1833 | D:3      | Found a white marble altar of Elyvilon.
  1939 | D:3      | Noticed Jessica
  1943 | D:3      | Killed Jessica
  1999 | D:3      | Found a shadowy altar of Dithmenos.
  2009 | D:3      | Found a hide-covered altar of Uskayaw.
  2025 | D:3      | You pick up a book of Conjurations {@e2} and begin
                  | reading...
  2025 | D:3      | You add the spells Magic Dart, Searing Ray and Fulminant
                  | Prism to your library.
  2499 | D:4      | Reached skill level 5 in Axes
  2561 | D:4      | Reached XP level 6. HP: 55/55 MP: 5/5
  2603 | D:4      | Reached skill level 5 in Armour
  2603 | D:4      | Reached skill level 5 in Shields
  2678 | D:4      | Reached skill level 5 in Fighting
  2990 | D:4      | Reached skill level 6 in Axes
  3016 | D:4      | Found a burning altar of Makhleb.
  3016 | D:4      | Found an ancient bone altar of Kikubaaqudgha.
  3162 | D:5      | Entered Level 5 of the Dungeon
  3162 | D:5      | Noticed a water moccasin
  3169 | D:5      | Killed a water moccasin
  3170 | D:5      | Reached XP level 7. HP: 56/61 MP: 4/6
  3308 | D:5      | Noticed Edmund
  3316 | D:5      | HP: 15/62 [iguana (6)]
  3317 | D:5      | Reached skill level 7 in Axes
  3317 | D:5      | HP: 7/62 [Edmund/+2 flail of protection (8)]
  3318 | D:5      | HP: 3/62 [Edmund/+2 flail of protection (5)]
  3322 | D:5      | Slain by Edmund

Vanquished Creatures
  A water moccasin (D:5)
  An ogre (D:5)
  A centaur (D:5)
  2 phantoms
  A scorpion (D:4)
  A jelly (D:4)
  A hound (D:5)
  Crazy Yiuf (D:2)
  Jessica (D:3)
  5 iguanas
  Robin (D:2)
  A gnoll (D:1)
  3 adders
  2 worms
  An orc (D:3)
  6 endoplasms
  A giant cockroach (D:4)
  10 goblins
  10 hobgoblins
  5 jackals (D:1)
  4 kobolds
  4 quokkas
  2 ball pythons
  4 bats
  4 frilled lizards
  8 rats
  A spectral hobgoblin (D:2)
82 creatures vanquished.

Table legend:
 A = Non-vault XP
 B = Vault XP
 C = Vault XP percentage of total XP
 D = Non-vault monster count
 E = Vault monster count
 F = Vault count percentage of total count
                 A         B        C        D         E       F
            +---------+---------+-------+---------+---------+-------
      Total |    1098 |     111 |   9.2 |      70 |      12 |  14.6
            +---------+---------+-------+---------+---------+-------
        D:1 |      53 |       0 |   0.0 |      24 |       0 |   0.0
        D:2 |      11 |      68 |  86.1 |       7 |       9 |  56.2
        D:3 |     145 |      43 |  22.9 |      13 |       3 |  18.8
        D:4 |     357 |       0 |   0.0 |      18 |       0 |   0.0
        D:5 |     532 |       0 |   0.0 |       8 |       0 |   0.0
            +---------+---------+-------+---------+---------+-------

Skill      XL: |  1  2  3  4  5  6  7 |
---------------+----------------------+-----
Axes           | 3 4 5 6 7 |  7.0
Armour         | 4 5 |  5.9
Shields        | 4 5 |  5.9
Fighting       | 4 5 |  5.8

Action                     |  1- 3 |  4- 6 |  7- 9 || total
---------------------------+-------+-------+-------++-------
  Melee: War axe           |    89 |    73 |    23 ||   185
         Headbutt          |    10 |     9 |     3 ||    22
    Use: Potion            |       |       |     1 ||     1
 Armour: Scale mail        |    35 |    36 |    13 ||    84
  Dodge: Dodged            |    35 |    24 |     8 ||    67
  Block: Buckler           |    21 |    13 |    11 ||    45

Illustrated notes

Table legend:
 A = Kills in this place as a percentage of kills in the entire game.
 B = Kills by you in this place as a percentage of kills by you in the entire game.
 C = Kills by friends in this place as a percentage of kills by friends in the entire game.
 D = Other kills in this place as a percentage of other kills in the entire game.
 E = Experience gained in this place as a percentage of experience gained in the entire game.
 F = Experience gained in this place divided by the number of levels of this place that you have seen.
                   A       B       C       D       E      F
               +-------+-------+-------+-------+-------+----------------------
         Total | 100.0 | 100.0 |   N/A |   N/A | 100.0 | 241.8
       Dungeon | 100.0 | 100.0 |   N/A |   N/A | 100.0 | 241.8
               +-------+-------+-------+-------+-------+----------------------

Table legend: (Time is in decaauts)
 A = Elapsed time spent in this place.
 B = Non-inter-level travel time spent in this place.
 C = Inter-level travel time spent in this place.
 D = Time resting spent in this place.
 E = Time spent auto-exploring this place.
 F = Levels seen in this place.
 G = Mean time per level.
                   A        B        C        D        E       F      G
               +--------+--------+--------+--------+--------+-----+--------+
         Total |   3385 |   3268 |    117 |      0 |   2744 |   5 |  677.0 |
       Dungeon |   3385 |   3268 |    117 |      0 |   2744 |   5 |  677.0 |
               +--------+--------+--------+--------+--------+-----+--------+

Top non-repeatable levels by time:
     D:1: 1024 daAuts
     D:2: 786 daAuts
     D:4: 758 daAuts
     D:3: 651 daAuts
     D:5: 165 daAuts
